 Dungeon Crawl Stone Soup version 0.30-a0-782-ge64f9170bb (webtiles) character file.

Game seed: 2929967518202436639

53 Leeroy the Slasher (level 3, 0/11 (18) HPs)
             Began as a Vine Stalker Warper on Feb 23, 2023.
             Slain by an orc
             ... wielding a +2 war axe of draining
              (1 damage)
             ... on level 3 of the Dungeon.
             The game lasted 00:01:54 (1549 turns).

Leeroy the Slasher (Vine Stalker Warper)            Turns: 1549, Time: 00:01:54

HP:   0/11 (18)     AC:  6    Str: 13    XL:     3   Next: 87%
MP:   0/7           EV: 10    Int: 13    God:
Gold: 130           SH:  0    Dex: 15    Spells: 1/6 levels left

rFire   + . .      SeeInvis .    a - +0 falchion
rCold   . . .      Faith    .    (no shield)
rNeg    . . .      Spirit   +    n - +1 ring mail {rF+}
rPois   .          Reflect  .    (no helmet)
rElec   .          Harm     .    (no cloak)
rCorr   .          Rampage  .    (no gloves)
Will    .....                    (no boots)
Stlth   +                        (no amulet)
HPRegen 0.21/turn                (no ring)
MPRegen 0.10/turn                (no ring)

@: very heavily drained
A: fangs 2, magic shield, antimagic bite, no potion heal 2
a: no special abilities


You were on level 3 of the Dungeon.
You visited 1 branch of the dungeon, and saw 3 of its levels.

You collected 130 gold pieces.

Inventory:

Hand Weapons
 a - a +0 falchion (weapon)
Missiles
 d - 7 boomerangs of dispersal (quivered)
 k - 6 boomerangs
Armour
 b - a +0 leather armour
 n - a +1 ring mail of fire resistance (worn)
Scrolls
 c - 2 scrolls of blinking
 e - 2 scrolls of teleportation {unknown}
 g - a scroll of magic mapping {unknown}
 j - 2 scrolls of identify {unknown}
 o - a scroll of poison {unknown}
 p - a scroll of torment {unknown}
Potions
 f - a potion of degeneration {unknown}
 h - a potion of flight {unknown}
 i - a potion of mutation {unknown}
 l - a potion of curing {unknown}
 m - a potion of heal wounds {unknown}


   Skills:
 - Level 1.7 Fighting
 + Level 3.6 Long Blades
 - Level 0.8 Throwing
 - Level 0.7 Armour
 - Level 1.5 Dodging
 - Level 0.5 Stealth
 - Level 2.1 Spellcasting
 - Level 3.0 Translocations


You had one spell level left.
You knew the following spells:

 Your Spells              Type           Power      Damage    Failure   Level
a - Blink                 Tloc           18%        N/A       24%         2
b - Vhi's Electric Charg  Tloc/Air       10%        N/A       65%         3

Your spell library contained the following spells:

 Spells                   Type           Power      Damage    Failure   Level
 Sandblast                Erth           2%         2d4       47%         1
 Lesser Beckoning         Tloc           18%        N/A       24%         2
 Gell's Gravitas          Tloc           9%         N/A       43%         3
 Teleport Other           Tloc           9%         N/A       43%         3
 Passwall                 Tmut/Erth      0%         N/A       63%         2
 Static Discharge         Conj/Air       2%         2-3/arc   63%         2
 Manifold Assault         Tloc           9%         N/A       83%         4
 Stone Arrow              Conj/Erth      2%         3d7       85%         3
 Arcjolt                  Conj/Air       0%         1d10      100%        5
 Lightning Bolt           Conj/Air       0%         1d11      100%        5
 Dispersal                Tloc           4%         N/A       100%        6


Dungeon Overview and Level Annotations

Branches:
Dungeon (3/15)

Altars:
Dithmenos

Annotations:
D:2 Robin


Innate Abilities, Weirdness & Mutations

You have extremely sharp teeth.
When hurt, damage is shared between your health and your magic reserves.
Your bite disrupts and absorbs the magic of your enemies.
Potions cannot restore your health.


Message History

No target in view!
No target in view!
You pick up a There-And-Back Book and begin reading...
You add the spells Gell's Gravitas and Dispersal to your library.
You now have 130 gold pieces (gained 17).
An orc comes into view.
It is wielding a +2 war axe of draining.
An orc is nearby!
The orc hits you but does no damage.
You feel drained.
You hit the orc but do no damage. You bite the orc, but do no damage.
The orc hits you with a +2 war axe of draining.
You feel drained.
You hit the orc.
The orc is heavily wounded.
The orc hits you with a +2 war axe of draining.
You feel drained.
You hit the orc but do no damage.
The orc is heavily wounded.
The orc hits you with a +2 war axe of draining!
* * * LOW HITPOINT WARNING * * *
You feel drained.
* * * LOW HITPOINT WARNING * * *
You are too injured to fight recklessly!
You are too injured to fight recklessly!
You are too injured to fight recklessly!
You are too injured to fight recklessly!
You are too injured to fight recklessly!
You barely miss the orc.
The orc is heavily wounded.
The orc hits you but does no damage.
You feel drained. The orc hits you but does no damage.
You feel drained.
You closely miss the orc.
The orc is heavily wounded.
The orc hits you with a +2 war axe of draining.
* * * LOW HITPOINT WARNING * * *
You feel drained.
Unknown command.
You hit the orc but do no damage. Your bite misses the orc.
The orc is heavily wounded.
The orc hits you with a +2 war axe of draining.
You die...

................# #.#
...#..#...#######..
#.#### ...#..###.#
#.# #....# ...#>.#
#.# #.# ####.#
...#..# #.# #.# #.#
...#..# #.# ##.## #.#
##.#..# ...
##...########.#
..>..#
#.###.#.............#
#....
.......o@....########
....# #####.#.....##
##...## ##.## ###


You could see an orc.

Vanquished Creatures
  An adder (D:3)
  A worm (D:2)
  2 ball pythons (D:1)
  3 endoplasms
  7 goblins
  4 hobgoblins
  4 jackals (D:1)
  3 quokkas (D:1)
  4 bats
  2 frilled lizards (D:1)
  2 kobolds (D:1)
  3 rats
36 creatures vanquished.

Notes
Turn   | Place    | Note
-------+----------+-------------------------------------------
     0 | D:1      | Leeroy the Vine Stalker Warper began the quest for the Orb.
     0 | D:1      | Reached XP level 1. HP: 11/11 MP: 4/4
    87 | D:1      | Reached XP level 2. HP: 6/15 MP: 3/6
   702 | D:1      | Reached XP level 3. HP: 17/18 MP: 5/7
  1045 | D:1      | Learned a level 2 spell: Blink
  1049 | D:1      | Learned a level 3 spell: Vhi's Electric Charge
  1200 | D:2      | Found a shadowy altar of Dithmenos.
  1324 | D:2      | Noticed Robin
  1549 | D:3      | Slain by an orc

Illustrated notes

Levels and vault maps discovered:
D:1:      psy_arrival_conway, layout_basic, dreamdust_princess_bridge
D:2:      layout_loops_cross, basic_altar, st_stairs_13,
          minmay_goblin_kobold_house, uniq_sigmund, uniq_robin
D:3:      layout_loops_ring, minmay_misc_feat_pillars

Skill      XL: |  1  2 |
---------------+-------+-----
Long Blades    | 2 3 |  3.6
Fighting       | |  1.7
Throwing       | |  0.8
Armour         | |  0.7
Dodging        | |  1.5
Stealth        | |  0.5
Spellcasting   | |  2.1
Translocations | |  3.0

Action                     || total
---------------------------++-------
  Melee: Falchion          ||   121
         Bite              ||    24
         Punch             ||     2
   Stab: Sleeping          ||     1
 Armour: Leather armour    ||    37
         Ring mail         ||     9
  Dodge: Dodged            ||   103

Table legend: (Time is in decaauts)
 A = Elapsed time spent in this place.
 B = Non-inter-level travel time spent in this place.
 C = Inter-level travel time spent in this place.
 D = Time resting spent in this place.
 E = Time spent auto-exploring this place.
 F = Levels seen in this place.
 G = Mean time per level.
                   A        B        C        D        E       F      G
               +--------+--------+--------+--------+--------+-----+--------+
         Total |   1572 |   1538 |     34 |      0 |   1204 |   3 |  524.0 |
       Dungeon |   1572 |   1538 |     34 |      0 |   1204 |   3 |  524.0 |
               +--------+--------+--------+--------+--------+-----+--------+

Top non-repeatable levels by time:
     D:1: 1160 daAuts
     D:2: 234 daAuts
     D:3: 177 daAuts
